 Dungeon Crawl Stone Soup version 0.22-a0-587-g7d32d7c7ae (webtiles) character file.

100757 123456 the Spry (level 15, -1/92 HPs)
             Began as a Deep Elf Fire Elementalist on July 2, 2018.
             Was the Champion of Vehumet.
             Hit by a large rock thrown by a cyclops (12 damage)
             ... on level 1 of the Shoals on July 4, 2018.
             The game lasted 03:27:31 (34649 turns).

123456 the Spry (Deep Elf Fire Elementalist)       Turns: 34649, Time: 03:27:33

Health: -1/92      AC: 10    Str:  5    XL:     15   Next: 81%
Magic:  25/32      EV: 24    Int: 27    God:    Vehumet [******]
Gold:   2211       SH:  6    Dex: 15    Spells: 11/36 levels left

rFire    + + +     SeeInvis +   a - staff of fire
rCold    + . .     Gourm    .   G - +1 buckler {rF+}
rNeg     + . .     Faith    .   L - +5 robe of Night {Dark MR+ SInv}
rPois    .         Spirit   .   m - +1 helmet
rElec    .         Reflect  .   i - scarf {rC+ rF+}
rCorr    .         Harm     .   y - +0 pair of gloves
MR       +++..                  (no boots)
Stlth    ++........             (no amulet)
HPRegen  0.25/turn              f - ring of positive energy
MPRegen  0.23/turn              j - ring of protection from magic

@: very slightly contaminated
A: no striking features
a: Renounce Religion


You were on level 1 of the Shoals.
You worshipped Vehumet.
Vehumet was exalted by your worship.
You were not hungry.

You visited 4 branches of the dungeon, and saw 22 of its levels.
You also visited: Ice Cave.

You collected 2759 gold pieces.
You spent 548 gold pieces at shops.

Inventory:

Hand Weapons
 b - the +11 eveningstar "Feppagis" {speed, Dex+2 Stlth+}
   (You found it on level 2 of the Lair of Beasts)

   Attacks with this weapon are significantly faster.
   It affects your dexterity (+2).
   It makes you more stealthy.
Missiles
 A - 228 arrows
 D - 4 throwing nets (quivered)
Armour
 i - a scarf of resistance (worn)
 m - a +1 helmet (worn)
 y - a +0 pair of gloves (worn)
 G - a +1 buckler of fire resistance (worn)
 L - the +5 robe of Night (worn) {Dark MR+ SInv}
   (You found it on level 2 of the Lair of Beasts)

   It affects your resistance to hostile enchantments.
   It lets you see invisible.
 T - the +1 leather armour of the Castellan {rF+ rC++}
   (You found it on level 6 of the Lair of Beasts)

   It protects you from fire.
   It greatly protects you from cold.
 X - a +0 cloak of magic resistance
Magical Staves
 a - an uncursed staff of fire (weapon)
Jewellery
 f - a ring of positive energy (left hand)
 j - a ring of protection from magic (right hand)
 F - an uncursed ring of magical power
 O - an uncursed ring of flight
 Y - an uncursed ring of fire
 Z - an uncursed ring of resist corrosion
Wands
 B - a wand of acid (34)
 H - a wand of digging (7)
 I - a wand of scattershot (4)
 M - a wand of clouds (4)
 N - a wand of iceblast (7)
 R - a wand of disintegration (26)
Scrolls
 g - 4 scrolls of enchant armour
 h - 8 scrolls of remove curse
 k - 5 scrolls of enchant weapon
 l - 2 scrolls of blinking
 o - 11 scrolls of teleportation
 q - 4 scrolls of fear
 u - 2 scrolls of amnesia
 w - 2 scrolls of magic mapping
 x - a scroll of holy word {unknown}
 E - 2 scrolls of random uselessness {unknown}
 J - 5 scrolls of fog
 K - 2 scrolls of brand weapon
 U - 2 scrolls of silence
 W - a scroll of summoning
Potions
 d - 3 potions of resistance
 e - 2 potions of berserk rage
 n - 3 potions of might
 p - 12 potions of flight
 r - 3 potions of brilliance
 s - 13 potions of curing
 t - a potion of magic
 v - 2 potions of cancellation
 z - 2 potions of agility
 C - a potion of heal wounds
 P - 5 potions of haste
 S - a potion of lignification {unknown}
 V - 3 potions of invisibility
Comestibles
 c - 26 rations


   Skills:
 * Level 10.2 Fighting
 - Level 4.1 Armour
 + Level 16.6 Dodging
 - Level 2.4 Stealth
 - Level 4.1 Shields
 + Level 11.0 Spellcasting
 + Level 14.2 Conjurations
 - Level 4.0 Translocations
 + Level 14.3 Fire Magic


You had 11 spell levels left.
You knew the following spells:

 Your Spells              Type           Power        Failure   Level  Hunger
a - Flame Tongue          Conj/Fire      #####        0%          1    None
b - Conjure Flame         Conj/Fire      #######.     1%          3    None
c - Sticky Flame          Conj/Fire      #######.     1%          4    None
d - Fireball              Conj/Fire      #######...   1%          5    ###....
e - Swiftness             Chrm/Air       ##......     6%          2    None
f - Dazzling Spray        Conj/Hex       ######       1%          3    None
g - Apportation           Tloc           #####.       1%          1    None
h - Bolt of Fire          Conj/Fire      #######...   1%          6    #####..

Your spell library contained the following spells:

 Spells                   Type           Power        Failure   Level  Hunger
 Bolt of Cold             Conj/Ice       ######....   9%          6    #####..
 Lightning Bolt           Conj/Air       ######....   1%          5    ###....
 Throw Flame              Conj/Fire      ######       0%          2    None
 Freezing Cloud           Conj/Ice/Air   #####.....   21%         6    #####..
 Summon Small Mammal      Summ           ##..         3%          1    None
 Animate Skeleton         Necr           N/A          3%          1    None
 Ozocubu's Refrigeration  Ice            ##........   78%         6    #####..
 Shock                    Conj/Air       ####         1%          1    None
 Recall                   Summ/Tloc      N/A          4%          3    None
 Ice Form                 Ice/Tmut       ##......     36%         4    None
 Airstrike                Air            ##........   11%         4    None
 Confusing Touch          Hex            ##....       3%          1    None
 Ignite Poison            Fire/Tmut/Pois ######..     1%          3    None
 Call Canine Familiar     Summ           ##......     12%         3    None
 Metabolic Englaciation   Hex/Ice        ##........   71%         5    ###....
 Static Discharge         Conj/Air       ######..     1%          3    None
 Simulacrum               Ice/Necr       ##........   99%         6    #####..
 Malign Gateway           Summ/Tloc      ####......   100%        7    ######.
 Inner Flame              Hex/Fire       ######..     1%          3    None
 Summon Mana Viper        Hex/Summ       ##......     71%         5    ###....
 Irradiate                Conj/Tmut      ######....   1%          5    ###....
 Poisonous Vapours        Pois/Air       ##....       6%          2    None
 Borgnjor's Vile Clutch   Necr/Erth      ##........   71%         5    ###....


Dungeon Overview and Level Annotations

Branches:
Dungeon (13/15)            Temple (0/1) D:5            Lair (6/6) D:9
 Shoals (1/4) Lair:3       Spider (0/4) Lair:4        Slime (0/5) Lair:5
    Orc (2/2) D:12            Elf (0/3) Orc:2
 Vaults: D:13-14

Altars:
Ashenzari
Cheibriados
Dithmenos
Elyvilon
Fedhas
Kikubaaqudgha
Nemelex Xobeh
Qazlal
Ru
Trog
Uskayaw
Vehumet
Wu Jian
Beogh
Jiyva

Shops:
D:5 *   D:7 ?   D:9 =   D:10 ?}(**   Orc:1 %   Orc:2 !*[:

Portals:
Pandemonium: Orc:2

Annotations:
D:13 Frances
Lair:1 Kiyg's ghost, journeyman MiAK
Orc:2 Azrael


Message History

Quiver which item? (- for none, * to show all) (? for menu, Esc to quit)
Okay, then.
You feel much better. You block the dream sheep's attack.
You block the manticore's attack. x2; The manticore misses you.
The cyclops throws a large rock.
The large rock hits you!!
* * * LOW HITPOINT WARNING * * *
Quiver which item? (- for none, * to show all) (? for menu, Esc to quit)
Okay, then.
Okay, then.
You feel much better. The dream sheep closely misses you.
The manticore closely misses you. The manticore claws you.
You block the manticore's attack. The dream sheep bites you.
* * * LOW HITPOINT WARNING * * *
The manticore bites you!
* * * LOW HITPOINT WARNING * * *
The manticore claws you but does no damage.
The manticore misses you.
The cyclops throws a large rock.
The large rock hits you!
You die...

. .##. C## ....
#.# ....# #C#
#...###.##
##.(YH@(÷##=
#....Y.P(().≈H
#.≈≈≈≈PP)≈≈...
#.....PP≈≈≈≈..
....###P≈≈≈≈..#
##.. #.≈≈≈≈≈.#
##. ..≈≈≈≈. ≈≈≈


You could see a manticore, a cyclops and 2 dream sheep.

Vanquished Creatures
  A frost giant (IceCv)
  Nessos (D:13)
  A death ooze (Lair:2)
  Josephine (D:13)
  An ice dragon (Lair:2)
  4 hydras
  7 two-headed ogres
  Urug (D:12)
  5 death yaks
  9 orc high priests
  Sonja (D:12)
  2 sun demons (Orc:2)
  Nergalle (D:12)
  An unseen horror (D:12)
  Pikel (D:4)
  A gelid demonspawn (Orc:2)
  2 lindwurms
  4 orc knights (Orc:2)
  5 harpies (Shoals:1)
  An orb spider (Lair:4)
  5 orc sorcerers
  3 ugly things
  A cyclops (Orc:1)
  A manticore (D:12)
  2 moths of wrath
  3 fauns
  16 elephants
  2 merfolk sirens
  An orange demon (Orc:2)
  Maurice (D:8)
  30 spiny frogs
  5 black mambas
  An ice statue (IceCv)
  Psyche (D:12)
  A torpor snail (Lair:5)
  5 komodo dragons
  4 kobold demonologists
  2 rime drakes
  A yaktaur (D:13)
  7 trolls
  A red devil (Orc:2)
  4 hornets
  12 polar bears (IceCv)
  17 tyrant leeches
  28 blink frogs
  9 hippogriffs
  7 slime creatures
  A meliai zombie (D:11)
  Sigmund (D:2)
  2 vampires
  2 wyverns
  2 wraiths (D:13)
  53 yaks
  A fire elemental (Orc:2)
  2 basilisks
  2 hungry ghosts
  6 vampire mosquitoes
  3 chaos spawn (Orc:2)
  Menkaure (D:4)
  2 wargs (Orc:1)
  3 swamp worms (Lair:5)
  A hell hound (Orc:1)
  A soldier ant (D:13)
  15 water moccasins
  5 porcupines
  6 ice beasts
  A slave (D:4)
  30 orc warriors
  4 black bears
  2 phantoms
  15 wolves (IceCv)
  A necrophage (D:6)
  14 ogres
  4 centaurs
  15 crocodiles
  5 big kobolds
  A gnoll sergeant (D:8)
  A wyvern zombie (D:10)
  24 bullfrogs
  2 scorpions
  20 killer bees
  3 electric eels
  A howler monkey (D:6)
  2 crimson imps
  2 bullfrog zombies (D:8)
  A lava snake (Lair:6)
  A centaur zombie (D:10)
  7 hounds
  2 quasits
  9 jellies
  28 orc priests
  5 centaur skeletons
  4 bullfrog skeletons
  A gnoll shaman (D:5)
  20 orc wizards
  An iguana (D:10)
  A hell rat (D:9)
  7 worker ants
  2 hound zombies
  4 worker ant zombies
  Robin (D:3)
  10 adders
  11 gnolls
  3 river rats (D:9)
  3 shadow imps
  12 white imps (D:12)
  2 oozes (D:3)
  2 adder skeletons
  2 worms (D:3)
  2 dart slugs
  2 leopard geckos
  63 orcs
  5 giant cockroaches
  16 goblins
  6 hobgoblins
  7 jackals
  10 quokkas
  9 bats
  8 frilled lizards
  35 kobolds
  3 quokka skeletons
  12 rats
  A bush (Lair:4)
  5 plants
799 creatures vanquished.

Vanquished Creatures (others)
  17 fungi
  62 plants
79 creatures vanquished.

Grand Total: 878 creatures vanquished

Notes
Turn   | Place    | Note
-------+----------+-------------------------------------------
     0 | D:1      | 123456 the Deep Elf Fire Elementalist began the quest for the Orb.
     0 | D:1      | Reached XP level 1. HP: 10/10 MP: 6/6
   188 | D:1      | Reached XP level 2. HP: 15/15 MP: 6/8
   314 | D:1      | Reached skill level 3 in Dodging
   540 | D:2      | Noticed Robin
   649 | D:2      | Reached XP level 3. HP: 19/19 MP: 4/9
   657 | D:2      | Learned a level 3 spell: Conjure Flame
  1193 | D:2      | Noticed Sigmund
  1244 | D:2      | Found a sparkling altar of Nemelex Xobeh.
  1608 | D:3      | Found an ancient bone altar of Kikubaaqudgha.
  1624 | D:3      | Found a radiant altar of Vehumet.
  1687 | D:3      | Became a worshipper of Vehumet
  1689 | D:3      | Reached XP level 4. HP: 24/24 MP: 8/10
  1898 | D:3      | Learned a level 4 spell: Sticky Flame
  2822 | D:4      | Noticed an ogre
  2855 | D:4      | Killed an ogre
  2855 | D:4      | Reached XP level 5. HP: 28/28 MP: 2/11
  3057 | D:4      | Noticed Menkaure
  3221 | D:4      | Got a bloodstained whip
  3224 | D:4      | Identified the +8 whip of Balance {vamp, Str+3 SInv} (You found it on level 4 of the Dungeon)
  3292 | D:4      | Noticed a slave
  3339 | D:3      | Killed Robin
  3339 | D:3      | Reached * piety under Vehumet
  3339 | D:3      | Offered knowledge of Freeze by Vehumet.
  3339 | D:3      | Reached XP level 6. HP: 12/32 MP: 0/12
  3540 | D:2      | Reached skill level 5 in Fire Magic
  3797 | D:4      | Noticed Pikel
  3797 | D:4      | Noticed a slave
  3797 | D:4      | Noticed a slave
  3797 | D:4      | Noticed a slave
  3888 | D:4      | Reached skill level 5 in Conjurations
  4048 | D:4      | Found a stormy altar of Qazlal.
  4342 | D:5      | Entered Level 5 of the Dungeon
  4509 | D:5      | Reached XP level 7. HP: 33/36 MP: 3/13
  4806 | D:5      | Found a staircase to the Ecumenical Temple.
  4811 | D:5      | Reached skill level 4 in Dodging
  5051 | D:5      | Found Witzid's Assorted Antiques.
  5059 | D:5      | Bought a shiny buckler for 232 gold pieces
  5151 | D:5      | Found a blossoming altar of Fedhas.
  5233 | D:5      | Got a scintillating copper ring
  5657 | D:6      | Reached XP level 8. HP: 42/42 MP: 13/15
  6101 | D:6      | Learned a level 5 spell: Fireball
  6121 | D:6      | Offered knowledge of Sting by Vehumet.
  6267 | D:6      | Reached ** piety under Vehumet
  6543 | D:7      | Reached skill level 5 in Spellcasting
  6728 | D:7      | Reached skill level 1 in Fighting
  6875 | D:7      | Found a sacrificial altar of Ru.
  6902 | D:7      | Found Kusm's Magic Scroll Boutique.
  6946 | D:7      | Reached XP level 9. HP: 42/47 MP: 14/19
  6992 | D:7      | Bought a scroll of teleportation for 48 gold pieces
  7096 | D:7      | Identified the ring of Huptev {rC- MR+ Str+7 Int-4} (You took it off an orc on level 5 of the Dungeon)
  7887 | D:8      | Learned a level 2 spell: Swiftness
  8091 | D:8      | Reached skill level 1 in Shields
  8384 | D:8      | Offered knowledge of Ignite Poison by Vehumet.
  8606 | D:8      | Reached *** piety under Vehumet
  8931 | D:8      | Noticed a two-headed ogre
  8952 | D:8      | Killed a two-headed ogre
  8952 | D:8      | Reached skill level 10 in Conjurations
  8952 | D:8      | Reached skill level 10 in Fire Magic
  8960 | D:8      | Reached XP level 10. HP: 15/52 MP: 7/21
  9200 | D:8      | Found a blossoming altar of Fedhas.
  9640 | D:8      | Noticed Maurice
  9655 | D:8      | Killed Maurice
  9655 | D:8      | Reached skill level 5 in Dodging
  9930 | D:9      | Found a bloodstained altar of Trog.
 10118 | D:9      | Noticed a death yak
 10140 | D:9      | Noticed a death yak
 10141 | D:9      | Noticed a death yak
 10145 | D:9      | Killed a death yak
 10614 | D:9      | Offered knowledge of Dazzling Spray by Vehumet.
 10625 | D:9      | Learned a level 3 spell: Dazzling Spray
 10764 | D:9      | Found a snail-covered altar of Cheibriados.
 11024 | D:9      | Found a staircase to the Lair.
 11053 | D:9      | Found Otilio's Jewellery Shoppe.
 11088 | D:9      | Found an ornate altar of the Wu Jian Council.
 11089 | D:9      | Found a shattered altar of Ashenzari.
 11090 | D:9      | Found a shadowy altar of Dithmenos.
 11094 | D:9      | Found a white marble altar of Elyvilon.
 11095 | D:9      | Found a hide-covered altar of Uskayaw.
 11178 | D:10     | Entered Level 10 of the Dungeon
 11516 | D:10     | Found a transporter.
 11536 | D:10     | Found Lust's Assorted Antiques.
 11573 | D:10     | Found Jyown's Weapon Boutique.
 11602 | D:10     | Noticed a two-headed ogre
 11659 | D:10     | Reached **** piety under Vehumet
 11720 | D:10     | Found Guoteschoq's Gadget Shoppe.
 11846 | D:10     | Killed a two-headed ogre
 11943 | D:10     | Offered knowledge of Fulminant Prism by Vehumet.
 11991 | D:10     | Reached XP level 11. HP: 55/57 MP: 4/25
 12194 | D:9      | Killed a death yak
 12238 | D:9      | Killed a death yak
 12491 | D:10     | Found a transporter.
 12548 | D:10     | Found Utal's General Store.
 12803 | D:10     | Noticed a two-headed ogre
 12815 | D:10     | Killed a two-headed ogre
 13015 | D:10     | Noticed a fire crab
 13084 | D:10     | Found Zuuk's Magic Scroll Emporium.
 13245 | D:11     | Reached skill level 6 in Dodging
 13411 | D:11     | Noticed a five-headed hydra
 13424 | D:11     | Killed a five-headed hydra
 13684 | D:11     | Reached skill level 10 in Spellcasting
 13915 | D:11     | Noticed a two-headed ogre
 13933 | D:11     | Killed a two-headed ogre
 14118 | Lair:1   | Entered Level 1 of the Lair of Beasts
 14632 | Lair:1   | Reached skill level 7 in Dodging
 14953 | Lair:1   | Got a spiked leather armour
 14964 | Lair:1   | Identified the cursed +0 leather armour of Death's Door {rC+} (You found it on level 1 of the Lair of Beasts)
 15409 | Lair:2   | Found a runed gate.
 15415 | Lair:2   | Found a runed gate.
 15416 | Lair:2   | Found a runed gate.
 15425 | Lair:2   | Noticed Kiyg's ghost (journeyman MiAK)
 15427 | Lair:2   | Found a viscous altar of Jiyva.
 15429 | Lair:2   | Noticed a death ooze
 15555 | Lair:2   | Reached ***** piety under Vehumet
 15555 | Lair:2   | Offered knowledge of Bolt of Draining by Vehumet.
 15633 | Lair:2   | Reached XP level 12. HP: 60/66 MP: 22/28
 15809 | Lair:2   | Noticed an ice dragon
 16801 | Lair:3   | Reached skill level 8 in Dodging
 16987 | Lair:3   | Found a staircase to the Shoals.
 18258 | Lair:3   | Reached skill level 5 in Fighting
 18520 | Lair:4   | Noticed a four-headed hydra
 18669 | Lair:4   | Killed a four-headed hydra
 19094 | Lair:4   | Identified a scroll of acquirement
 19211 | Lair:4   | Reached skill level 9 in Dodging
 19387 | Lair:4   | Reached XP level 13. HP: 72/72 MP: 11/29
 19778 | Lair:4   | Found a hole to the Spider Nest.
 21774 | Lair:5   | Found a staircase to the Slime Pits.
 21920 | Lair:5   | Reached skill level 10 in Dodging
 22277 | Lair:6   | Entered Level 6 of the Lair of Beasts
 22810 | Lair:6   | Reached skill level 11 in Dodging
 23275 | Lair:6   | Learned a level 1 spell: Apportation
 23323 | Lair:6   | Reached skill level 12 in Dodging
 23323 | Lair:6   | Reached skill level 1 in Translocations
 23470 | Lair:5   | Offered knowledge of Irradiate by Vehumet.
 23553 | Lair:5   | Reached XP level 14. HP: 73/83 MP: 19/30
 24202 | Lair:6   | Reached skill level 13 in Dodging
 24732 | Lair:6   | Got a heavily runed leather armour
 24743 | Lair:6   | Identified the +1 leather armour of the Castellan {rF+ rC++} (You found it on level 6 of the Lair of Beasts)
 25254 | D:12     | Found a staircase to the Orcish Mines.
 25508 | D:12     | Found a frozen archway.
 25519 | IceCv    | Entered an ice cave
 25811 | IceCv    | Reached skill level 14 in Dodging
 25849 | IceCv    | Offered knowledge of Poison Arrow by Vehumet.
 26131 | IceCv    | Reached skill level 1 in Armour
 26210 | IceCv    | Noticed a frost giant
 26225 | IceCv    | Killed a frost giant
 26381 | IceCv    | Identified Giurozodock's Handbook of the Noxious Escort
 27027 | D:12     | Noticed Sonja
 27028 | D:12     | Killed Sonja
 27056 | D:12     | Reached skill level 15 in Dodging
 27225 | D:12     | Noticed Nergalle
 27241 | D:12     | Killed Nergalle
 27397 | D:12     | Noticed Psyche
 27412 | D:12     | Killed Psyche
 27488 | D:12     | Noticed Urug
 27489 | D:12     | Offered knowledge of Iron Shot by Vehumet.
 27504 | D:12     | Killed Urug
 27618 | D:12     | Found a roughly hewn altar of Beogh.
 27642 | D:12     | Reached XP level 15. HP: 90/90 MP: 31/31
 28007 | D:2      | Killed Sigmund
 28132 | D:4      | Killed Pikel
 28168 | D:4      | Killed Menkaure
 28881 | Lair:2   | Got a faintly glowing eveningstar
 28882 | Lair:2   | Identified the +11 eveningstar "Feppagis" {speed, Dex+2 Stlth+} (You found it on level 2 of the Lair of Beasts)
 28996 | Lair:2   | Found the +5 robe of Night {Dark MR+ SInv}
 29089 | Lair:1   | You fall through a shaft!
 29134 | Lair:1   | HP: 2/90 [Kiyg's ghost (17)]
 29521 | Orc:1    | Entered Level 1 of the Orcish Mines
 29884 | Orc:2    | Entered Level 2 of the Orcish Mines
 29926 | Orc:2    | Noticed Azrael
 29982 | D:13     | Identified Voewyotuekh's Disquisition on Shifting Sinister Rituals
 30696 | D:13     | Noticed Nessos
 30708 | D:13     | Killed Nessos
 30824 | D:13     | Noticed Josephine
 30827 | D:13     | Killed Josephine
 30829 | D:13     | Noticed Frances
 31136 | Orc:2    | Found a staircase to the Elven Halls.
 31393 | Orc:1    | Found Hetrudil's Food Boutique.
 31800 | Orc:2    | Offered knowledge of Bolt of Fire by Vehumet.
 32038 | Orc:2    | Reached skill level 16 in Dodging
 32039 | Orc:2    | Found Xaestruf's General Store.
 32410 | Orc:2    | Found Desouw's Distillery.
 32415 | Orc:2    | Bought a potion of heal wounds for 85 gold pieces
 32415 | Orc:2    | Bought a potion of curing for 51 gold pieces
 32417 | Orc:2    | Bought a potion of curing for 36 gold pieces
 32417 | Orc:2    | Bought a potion of heal wounds for 60 gold pieces
 32417 | Orc:2    | Bought a potion of curing for 36 gold pieces
 32993 | Orc:2    | Learned a level 6 spell: Bolt of Fire
 33151 | Orc:2    | Reached skill level 10 in Fighting
 33419 | Orc:2    | Found Linn's Book Shoppe.
 33419 | Orc:2    | Found a one-way gate leading to the halls of Pandemonium.
 33419 | Orc:2    | Found Korystom's Antique Armour Emporium.
 33573 | Orc:1    | Reached ****** piety under Vehumet
 34257 | Shoals:1 | Entered Level 1 of the Shoals
 34376 | Lair:3   | Upgraded the game from 0.22-a0-580-gd5db89c09a to 0.22-a0-587-g7d32d7c7ae
 34389 | Lair:3   | Offered knowledge of Spellforged Servitor by Vehumet.
 34646 | Shoals:1 | HP: 2/92 [cyclops/large rock (19)]
 34649 | Shoals:1 | Hit by a large rock thrown by a cyclops

Vault maps used:
D:1:      enne_arrival_octagon_isle, minmay_tromino_i4
D:2:      nemelex_diamond_rough_becter, uniq_robin, uniq_sigmund
D:3:      kiku_gazebo_pond_becter, overflow_temple_1_default, grunt_decor_cap,
          hangedman_decor_peaks_small, hex_large, minmay_crystal_room,
          minmay_joined_circles
D:4:      lemuel_doored_altar, uniq_pikel, uniq_menkaure
D:5:      minmay_temple_entry_overgrown, serial_shops, shop_fountains,
          first_ration, basic_altar, minmay_checkerbox
D:7:      serial_shops, shop, grunt_ogre_cave, nicolae_ru_sacrificial_ziggurat
D:8:      kennysheep_mini_moat, kennysheep_generic_room_7, uniq_maurice
D:9:      trog_ov_bears_minmay, nicolae_overflow_crystal_walls, minitemple,
          dpeg_lair_monsters, serial_shops, kennysheep_mini
D:10:     gammafunk_wand_slinger, serial_shops, nicolae_shop_overgrown_old_shop,
          nicolae_shop_stone, nicolae_shop_trees, nicolae_shop_statue_plus,
          shop, serial_curves, eino_curves_02, eino_curves_01
D:12:     minmay_orc_entry_temple_small, portal_ice_cave_entry_imps,
          uniq_nergalle, uniq_sonja, uniq_psyche, uniq_urug
D:13:     grunt_vaults_entry_fortified, nicolae_trove_entry_crystal,
          uniq_frances, uniq_nessos, uniq_josephine
Lair:2:   dragon1_lemuel, gammafunk_ghost_ooze
Lair:3:   minmay_shoals_entry_lonely_mermaid, infiniplex_staircase_pool,
          serial_bayou_shore_b
Lair:4:   cheibrodos_lair_overgrown_chateau, nicolae_spider_entry_orb_guardian,
          serial_bayou_shore_b
Lair:5:   minmay_slime_entry_pillars, worms_lemuel, lemuel_fruit_fields
Lair:6:   minmay_lair_end_frog_pond
Orc:1:    serial_shops, shop
Orc:2:    pf_orc_diabolical, uniq_azrael
IceCv:    ice_cave_caverns_03

Skill      XL: |  1  2  3  4  5  6  7  8  9 10 11 12 13 14 15 |
---------------+----------------------------------------------+-----
Conjurations   | 2 3 4 5 7 8 10 11 12 13 14 | 14.2
Dodging        | 3 4 5 7 9 12 15 16 | 16.6
Fire Magic     | 4 5 7 8 10 11 12 13 14 | 14.3
Spellcasting   | 5 6 8 10 11 | 11.0
Fighting       | 1 2 3 5 7 9 10 | 10.2
Shields        | 2 4 |  4.1
Translocations | 1 4 |  4.0
Armour         | 2 4 |  4.1
Stealth        | |  2.4

Action                   |  1- 3 |  4- 6 |  7- 9 | 10-12 | 13-15 || total
-------------------------+-------+-------+-------+-------+-------++-------
Melee: Whip              |       |     6 |    29 |    19 |       ||    54
       Staff             |       |       |       |       |    34 ||    34
       Eveningstar       |       |       |       |       |    42 ||    42
 Cast: Flame Tongue      |    70 |   117 |   294 |   584 |   924 ||  1989
       Conjure Flame     |       |     2 |     6 |    20 |    34 ||    62
       Sticky Flame      |       |       |     3 |    38 |   107 ||   148
       Fireball          |       |       |       |    22 |   147 ||   169
       Swiftness         |       |       |       |     1 |     4 ||     5
       Dazzling Spray    |       |       |       |       |    30 ||    30
       Bolt of Fire      |       |       |       |       |    13 ||    13
       Apportation       |       |       |       |       |     1 ||     1
 Abil: Evoke Flight      |       |       |       |       |     3 ||     3
       Stop Flying       |       |       |       |       |     2 ||     2
Evoke: Wand              |       |       |       |       |     2 ||     2
  Use: Scroll            |     2 |     7 |     9 |    10 |    11 ||    39
       Potion            |       |       |     1 |       |     5 ||     6
 Stab: Sleeping          |       |     1 |       |       |       ||     1
       Invisible         |       |       |       |       |     3 ||     3
  Eat: Chunk             |     2 |     7 |    10 |    32 |    49 ||   100
       Ration            |       |     2 |     1 |     1 |     6 ||    10
Armor: Robe              |    10 |     6 |       |       |    19 ||    35
       Animal skin       |       |     2 |    33 |    37 |    20 ||    92
       Leather armour    |       |       |       |       |    18 ||    18
Dodge: Dodged            |    17 |    28 |    67 |   145 |   466 ||   723
Block: Buckler           |       |       |    26 |    66 |   153 ||   245

Table legend:
 A = Spawn XP
 B = Non-spawn XP
 C = Spawn XP percentage of total XP
 D = Spawn monster count
 E = Non-spawn monster count
 F = Spawn count percentage of total count
 G = Total turns spent on level
                    A         B        C        D         E        F      G
               +---------+---------+-------+---------+---------+-------+---------
         Total |       0 |  143939 |   0.0 |       0 |     792 |   0.0 | 34649
               +---------+---------+-------+---------+---------+-------+---------
           D:1 |       0 |      35 |   0.0 |       0 |      22 |   0.0 |   994
           D:2 |       0 |     273 |   0.0 |       0 |      15 |   0.0 |   669
           D:3 |       0 |      87 |   0.0 |       0 |      35 |   0.0 |  1542
           D:4 |       0 |    1302 |   0.0 |       0 |      18 |   0.0 |  1350
           D:5 |       0 |     435 |   0.0 |       0 |      15 |   0.0 |   979
           D:6 |       0 |    1135 |   0.0 |       0 |      27 |   0.0 |  1244
           D:7 |       0 |    1392 |   0.0 |       0 |      33 |   0.0 |  1471
           D:8 |       0 |    2951 |   0.0 |       0 |      28 |   0.0 |  2391
           D:9 |       0 |    4110 |   0.0 |       0 |      39 |   0.0 |  1861
          D:10 |       0 |    5194 |   0.0 |       0 |      38 |   0.0 |  1738
          D:11 |       0 |    3811 |   0.0 |       0 |      23 |   0.0 |   964
          D:12 |       0 |   12044 |   0.0 |       0 |      75 |   0.0 |  1604
          D:13 |       0 |    6461 |   0.0 |       0 |      14 |   0.0 |   890
        Lair:1 |       0 |    2073 |   0.0 |       0 |      10 |   0.0 |  1310
        Lair:2 |       0 |    8332 |   0.0 |       0 |      38 |   0.0 |  2134
        Lair:3 |       0 |    6646 |   0.0 |       0 |      24 |   0.0 |  1896
        Lair:4 |       0 |    9032 |   0.0 |       0 |      30 |   0.0 |  1960
        Lair:5 |       0 |   12210 |   0.0 |       0 |      44 |   0.0 |  2732
        Lair:6 |       0 |   24897 |   0.0 |       0 |      83 |   0.0 |  2173
      Shoals:1 |       0 |    4628 |   0.0 |       0 |       8 |   0.0 |    42
         Orc:1 |       0 |    5009 |   0.0 |       0 |      40 |   0.0 |  1095
         Orc:2 |       0 |   19134 |   0.0 |       0 |      85 |   0.0 |  2357
         IceCv |       0 |   12748 |   0.0 |       0 |      48 |   0.0 |  1253
               +---------+---------+-------+---------+---------+-------+---------
